AA
MILWAUKEE MILKMEN @ WASHINGTON WHALERS
08/26/2098
 
TOP OF THE 1ST
St. Paul Saints batting - Pitching for Gary SouthShore RailCats : RHP Joey Wollenberg
Pitching: RHP Joey Wollenberg
Batting: RHB Micah Brown 0-0: Called Strike
0-1: Ball
1-1: SINGLE (Line Drive, 9LS, EV 106.9 MPH)
Batting: RHB Tony Gomez 0-0: Called Strike
0-1: Foul Ball, location: 2F
0-2: Fielders Choice at 2nd, 4-6 (Groundball, 4, EV 78.1 MPH)
Batting: LHB Jim Giddens 0-0: Called Strike
0-1: Hit by Pitch
Tony Gomez to second
Batting: RHB Shawn Homes 0-0: Called Strike
0-1: Ball
1-1: Ball
2-1: Ball
3-1: Foul Ball, location: 9LDF
3-2: Foul Ball, location: 2F
3-2: Foul Ball, location: 25FF
3-2: Foul Ball, location: 3FF
3-2: Foul Ball, location: 3SF
3-2: Fly out, F3 (Popup, 23F, EV 75.6 MPH)
Batting: LHB Jake Yancey 0-0: SINGLE (Line Drive, 78M, EV 104.4 MPH)
Tony Gomez to third
Jim Giddens to second
Runner from 3rd tries for Home, SAFE, throw by CF to home
Batting: LHB Chad Wood 0-0: Ball
1-0: Ball
2-0: Ball
3-0: Called Strike
3-1: Foul Ball, location: 2F
3-2: Strikes out swinging
Top of the 1st over - 1 run, 2 hits, 0 errors, 2 left on base; St. Paul 1 - Gary SouthShore 0
BOTTOM OF THE 1ST
Gary SouthShore RailCats batting - Pitching for St. Paul Saints : LHP Evan Idema
Pitching: LHP Evan Idema
Batting: LHB David Norman 0-0: Ball
1-0: Swinging Strike
1-1: Ball
2-1: Foul Ball, location: 3F
2-2: Ball
3-2: Base on Balls
Batting: SHB Brian Carlisi 0-0: Ball
1-0: Foul Ball, location: 9LDF
1-1: Ball
2-1: Swinging Strike
2-2: Fielders Choice at 2nd, 5-4 (Groundball, 56S, EV 78.8 MPH)
Batting: LHB Cory Matthews 0-0: Ball
1-0: Called Strike
1-1: SINGLE (Line Drive, 8RS, EV 93.1 MPH)
Brian Carlisi to second
Batting: LHB Lu-fang Zhan 0-0: Ball
1-0: Foul Ball, location: 25F
1-1: Ball
2-1: Ball
3-1: DOUBLE (Flyball, 8RXD, EV 103.8 MPH)
Brian Carlisi scores
Cory Matthews to third
Runner from 3rd tries for Home, SAFE, throw by CF to trailing runner, OUT at third! 8-3-5
Batting: RHB Charlie McCloud 0-0: Called Strike
0-1: DOUBLE (Line Drive, 7LD, EV 103.8 MPH)
Batting: LHB Jeff Michaelis 0-0: Ball
1-0: Swinging Strike
1-1: Foul Ball, location: 2F
1-2: Foul Ball, location: 2F
1-2: DOUBLE (Flyball, 8RXD, EV 96.3 MPH)
Charlie McCloud scores
Batting: RHB Jose Holguin 0-0: Ball
1-0: Called Strike
1-1: Called Strike
1-2: Ground out 6-3 (Groundball, 6M, EV 88.8 MPH)
Bottom of the 1st over - 3 runs, 4 hits, 0 errors, 1 left on base; St. Paul 1 - Gary SouthShore 3
TOP OF THE 2ND
St. Paul Saints batting - Pitching for Gary SouthShore RailCats : RHP Joey Wollenberg
Batting: LHB Evan Idema 0-0: Called Strike
0-1: Called Strike
0-2: Ground out 4-3 (Groundball, 34D, EV 91.9 MPH)
Batting: RHB Adam Hellen 0-0: Fly out, F2 (Popup, 3SF, EV 75.6 MPH)
Batting: SHB Ethan Matthews 0-0: Foul Ball, location: 2F
0-1: Ball
1-1: Foul Ball, location: 2F
1-2: TRIPLE (Flyball, 8RXD, EV 98.8 MPH)
Batting: RHB Micah Brown 0-0: Called Strike
0-1: Called Strike
0-2: Ball
1-2: Ball
2-2: Foul Ball, location: 9LSF
2-2: Foul Ball, location: 2F
2-2: Foul Ball, location: 9LSF
2-2: Fly out, F3 (Popup, 3F, EV 54.4 MPH)
Top of the 2nd over - 0 runs, 1 hit, 0 errors, 1 left on base; St. Paul 1 - Gary SouthShore 3
BOTTOM OF THE 2ND
Gary SouthShore RailCats batting - Pitching for St. Paul Saints : LHP Evan Idema
Batting: LHB Eric Rys 0-0: Ground out 4-3 (Groundball, 4, EV 83.8 MPH)
Batting: RHB Nesty Quimby 0-0: Foul Ball, location: 7LSF
0-1: Called Strike
0-2: Hit by Pitch
Batting: LHB David Norman 0-0: Called Strike
0-1: Foul Ball, location: 9LDF
0-2: Foul Ball, location: 2F
0-2: Ball
1-2: Foul Ball, location: 2F
1-2: Foul Ball, location: 2F
1-2: Ball
2-2: Foul Ball, location: 2F
2-2: Ball
3-2: SINGLE (Line Drive, 34D, EV 106.3 MPH)
Nesty Quimby to second
Batting: SHB Brian Carlisi 0-0: Foul Ball, location: 5SF
0-1: Called Strike
0-2: Fielders Choice at 2nd, 1-4 (Groundball, 15, EV 67.5 MPH)
Nesty Quimby to third
Batting: LHB Cory Matthews 0-0: Called Strike
0-1: Foul Ball, location: 2F
0-2: SINGLE (Groundball, 6MD, EV 105.6 MPH)
Nesty Quimby scores
Brian Carlisi to second
Batting: LHB Lu-fang Zhan 0-0: Called Strike
0-1: Fielders Choice at 2nd, 6-4 (Groundball, 6, EV 108.8 MPH)
Bottom of the 2nd over - 1 run, 2 hits, 0 errors, 2 left on base; St. Paul 1 - Gary SouthShore 4
TOP OF THE 3RD
St. Paul Saints batting - Pitching for Gary SouthShore RailCats : RHP Joey Wollenberg
Batting: RHB Tony Gomez 0-0: Fly out, F9 (Flyball, 89M, EV 90.6 MPH)
Batting: LHB Jim Giddens 0-0: Ball
1-0: Ground out 6-3 (Groundball, 6, EV 82.5 MPH)
Batting: RHB Shawn Homes 0-0: SOLO HOME RUN (Flyball, 7D, EV 97.5 MPH), Distance : 375 ft
Batting: LHB Jake Yancey 0-0: Ball
1-0: Fly out, F7 (Line Drive, 7, EV 105.6 MPH)
Top of the 3rd over - 1 run, 1 hit, 0 errors, 0 left on base; St. Paul 2 - Gary SouthShore 4
BOTTOM OF THE 3RD
Gary SouthShore RailCats batting - Pitching for St. Paul Saints : LHP Evan Idema
Batting: RHB Charlie McCloud 0-0: Called Strike
0-1: Ball
1-1: Ball
2-1: Fly out, F8 (Flyball, 8RXD, EV 108.1 MPH)
Batting: LHB Jeff Michaelis 0-0: Called Strike
0-1: Ground out 5-3 (Groundball, 5L, EV 82.5 MPH)
Batting: RHB Jose Holguin 0-0: Ball
1-0: Foul Ball, location: 5FF
1-1: SINGLE (Groundball, 56D, EV 102.5 MPH)
Batting: LHB Eric Rys 0-0: Swinging Strike
0-1: Foul Ball, location: 7LDF
0-2: Ball
1-2: Ball
2-2: Ground out 4-3 (Groundball, 4, EV 76.9 MPH)
Bottom of the 3rd over - 0 runs, 1 hit, 0 errors, 1 left on base; St. Paul 2 - Gary SouthShore 4
TOP OF THE 4TH
St. Paul Saints batting - Pitching for Gary SouthShore RailCats : RHP Joey Wollenberg
Batting: LHB Chad Wood 0-0: Called Strike
0-1: Ball
1-1: Called Strike
1-2: Foul Ball, location: 7LSF
1-2: Foul Ball, location: 5DF
1-2: Ground out 4-3 (Groundball, 34, EV 88.1 MPH)
Batting: LHB Evan Idema 0-0: Called Strike
0-1: Foul Ball, location: 7LDF
0-2: Ball
1-2: Foul Ball, location: 2F
1-2: Ball
2-2: Ball
3-2: SINGLE (Line Drive, 34D, EV 96.9 MPH)
Batting: RHB Adam Hellen 0-0: Foul Ball, location: 2F
0-1: Foul Ball, location: 5F
0-2: Strikes out looking
Batting: SHB Ethan Matthews 0-0: Ball
1-0: SINGLE (Groundball, 23, EV 76.9 MPH) (infield hit)
Evan Idema to second
Batting: RHB Micah Brown 0-0: Ball
1-0: Ball
2-0: Foul Ball, location: 2F
2-1: Swinging Strike
2-2: Ball
3-2: Strikes out swinging
Top of the 4th over - 0 runs, 2 hits, 0 errors, 2 left on base; St. Paul 2 - Gary SouthShore 4
BOTTOM OF THE 4TH
Gary SouthShore RailCats batting - Pitching for St. Paul Saints : LHP Evan Idema
Batting: RHB Nesty Quimby 0-0: Called Strike
0-1: Ball
1-1: Fly out, F8 (Line Drive, 8RM, EV 106.3 MPH)
Batting: LHB David Norman 0-0: Ball
1-0: Called Strike
1-1: Ground out 5-3 (Groundball, 15, EV 81.9 MPH)
Batting: SHB Brian Carlisi 0-0: Called Strike
0-1: Ball
1-1: Called Strike
1-2: Strikes out swinging
Bottom of the 4th over - 0 runs, 0 hits, 0 errors, 0 left on base; St. Paul 2 - Gary SouthShore 4
TOP OF THE 5TH
St. Paul Saints batting - Pitching for Gary SouthShore RailCats : RHP Joey Wollenberg
Batting: RHB Tony Gomez 0-0: Called Strike
0-1: Called Strike
0-2: Ball
1-2: Ball
2-2: Ball
3-2: Ground out 5-3 (Groundball, 56, EV 96.3 MPH)
Batting: LHB Jim Giddens 0-0: Fly out, F8 (Line Drive, 8RM, EV 98.8 MPH)
Batting: RHB Shawn Homes 0-0: Ground out 4-3 (Groundball, 4, EV 78.1 MPH)
Top of the 5th over - 0 runs, 0 hits, 0 errors, 0 left on base; St. Paul 2 - Gary SouthShore 4
BOTTOM OF THE 5TH
Gary SouthShore RailCats batting - Pitching for St. Paul Saints : LHP Evan Idema
Batting: LHB Cory Matthews 0-0: Ball
1-0: Ball
2-0: Called Strike
2-1: Called Strike
2-2: Foul Ball, location: 2F
2-2: Fly out, F8 (Flyball, 8LD, EV 83.1 MPH)
Batting: LHB Lu-fang Zhan 0-0: Ball
1-0: Called Strike
1-1: Fly out, F8 (Line Drive, 89M, EV 92.5 MPH)
Batting: RHB Charlie McCloud 0-0: Fly out, F4 (Line Drive, 34, EV 66.9 MPH)
Bottom of the 5th over - 0 runs, 0 hits, 0 errors, 0 left on base; St. Paul 2 - Gary SouthShore 4
TOP OF THE 6TH
St. Paul Saints batting - Pitching for Gary SouthShore RailCats : RHP Joey Wollenberg
Batting: LHB Jake Yancey 0-0: SINGLE (Line Drive, 4M, EV 98.8 MPH)
Batting: LHB Chad Wood 0-0: Ball
1-0: Foul Ball, location: 2F
1-1: Ball
2-1: Fly out, F8 (Flyball, 8LS, EV 82.5 MPH)
Batting: LHB Evan Idema 0-0: Ball
1-0: Ball
2-0: Ground out 5-3 (Groundball, 56, EV 86.9 MPH)
Jake Yancey to second
Batting: RHB Adam Hellen 0-0: Called Strike
0-1: Ball
1-1: Ball
2-1: Ground out 6-3 (Groundball, 6, EV 87.5 MPH)
Top of the 6th over - 0 runs, 1 hit, 0 errors, 1 left on base; St. Paul 2 - Gary SouthShore 4
BOTTOM OF THE 6TH
Gary SouthShore RailCats batting - Pitching for St. Paul Saints : LHP Evan Idema
Batting: LHB Jeff Michaelis 0-0: SINGLE (Groundball, 4MD, EV 93.8 MPH)
Batting: RHB Jose Holguin 0-0: Ball
1-0: Called Strike
1-1: Ball
2-1: Foul Ball, location: 5FF
2-2: Foul Ball, location: 5FF
2-2: Strikes out swinging
Batting: LHB Eric Rys 0-0: SINGLE (Line Drive, 89S, EV 98.1 MPH)
Jeff Michaelis to second
Batting: RHB Nesty Quimby 0-0: Called Strike
0-1: Ball
1-1: Swinging Strike
1-2: Grounds into double play, 6-4-3 (Groundball, 6, EV 103.8 MPH)
Bottom of the 6th over - 0 runs, 2 hits, 0 errors, 1 left on base; St. Paul 2 - Gary SouthShore 4
TOP OF THE 7TH
St. Paul Saints batting - Pitching for Gary SouthShore RailCats : RHP Joey Wollenberg
Batting: SHB Ethan Matthews 0-0: Called Strike
0-1: Ball
1-1: Ball
2-1: Foul Ball, location: 7LSF
2-2: Foul Ball, location: 2F
2-2: Strikes out looking
Batting: RHB Micah Brown 0-0: Ball
1-0: Ball
2-0: Called Strike
2-1: Foul Ball, location: 5F
2-2: Foul Ball, location: 9LSF
2-2: Foul Ball, location: 2F
2-2: Ball
3-2: Ground out 5-3 (Groundball, 56, EV 103.1 MPH)
Batting: RHB Tony Gomez 0-0: Ball
1-0: Ground out 5-3 (Groundball, 56S, EV 68.1 MPH)
Top of the 7th over - 0 runs, 0 hits, 0 errors, 0 left on base; St. Paul 2 - Gary SouthShore 4
BOTTOM OF THE 7TH
Gary SouthShore RailCats batting - Pitching for St. Paul Saints : LHP Evan Idema
Batting: LHB David Norman 0-0: Foul Ball, location: 7LMF
0-1: Swinging Strike
0-2: Ball
1-2: Strikes out looking
Batting: SHB Brian Carlisi 0-0: Ball
1-0: DOUBLE (Line Drive, 78D, EV 103.1 MPH)
Batting: LHB Cory Matthews 0-0: Foul Ball, location: 25FF
0-1: Called Strike
0-2: Ball
1-2: Ball
2-2: Ground out 4-3 (Groundball, 4MD, EV 94.4 MPH)
Batting: LHB Lu-fang Zhan 0-0: Ball
1-0: Ground out 4-3 (Groundball, 34, EV 83.1 MPH)
Bottom of the 7th over - 0 runs, 1 hit, 0 errors, 1 left on base; St. Paul 2 - Gary SouthShore 4
TOP OF THE 8TH
St. Paul Saints batting - Pitching for Gary SouthShore RailCats : RHP Joey Wollenberg
Pitching: RHP Bob Cabrera
Batting: LHB Jim Giddens 0-0: Ball
1-0: Ball
2-0: Ball
3-0: Base on Balls
Batting: RHB Shawn Homes 0-0: Ball
1-0: Foul Ball, location: 2F
1-1: SINGLE (Line Drive, 56D, EV 94.4 MPH)
Jim Giddens to second
Batting: LHB Jake Yancey 0-0: Ball
1-0: Fly out, F7 (Flyball, 78M, EV 93.1 MPH)
Batting: LHB Chad Wood 0-0: Fly out, F9 (Flyball, 89S, EV 93.8 MPH)
Batting: LHB Evan Idema 0-0: Called Strike
0-1: Ball
1-1: Ball
2-1: Foul Ball, location: 2F
2-2: Strikes out swinging
Top of the 8th over - 0 runs, 1 hit, 0 errors, 2 left on base; St. Paul 2 - Gary SouthShore 4
BOTTOM OF THE 8TH
Gary SouthShore RailCats batting - Pitching for St. Paul Saints : LHP Evan Idema
Pitching: RHP Jason Rourke
Batting: RHB Charlie McCloud 0-0: Called Strike
0-1: Called Strike
0-2: Ball
1-2: Ball
2-2: Foul Ball, location: 3F
2-2: Ball
3-2: Base on Balls
Batting: LHB Jeff Michaelis 0-0: Called Strike
0-1: Fly out, F9 (Flyball, 9LM, EV 106.3 MPH)
Batting: RHB Jose Holguin 0-0: Foul Ball, location: 5FF
0-1: Ball
1-1: Foul Ball, location: 2F
1-2: Ball
2-2: Strikes out swinging
Batting: LHB Eric Rys 0-0: Ball
1-0: Foul Ball, location: 9LSFF
1-1: Ball
2-1: Fly out, F8 (Flyball, 8LXD, EV 93.8 MPH)
Bottom of the 8th over - 0 runs, 0 hits, 0 errors, 1 left on base; St. Paul 2 - Gary SouthShore 4
TOP OF THE 9TH
St. Paul Saints batting - Pitching for Gary SouthShore RailCats : RHP Bob Cabrera
Now at 1B: Charlie McCloud
Now at SS: Kyle Murdock
Batting: RHB Adam Hellen 0-0: Ground out 5-3 (Groundball, 56S, EV 91.9 MPH)
Pinch Hitting: RHB Ray Reynolds 0-0: Foul Ball, location: 3FF
0-1: Ball
1-1: Ball
2-1: Ball
3-1: Foul Ball, location: 2F
3-2: Base on Balls
Batting: RHB Micah Brown 0-0: Ball
1-0: Called Strike
1-1: Foul Ball, location: 9LMF
1-2: Strikes out swinging
Pinch Hitting: SHB Josh Lawless 0-0: Called Strike
0-1: Foul Ball, location: 2F
0-2: Ball
1-2: Ball
2-2: Strikes out swinging
Top of the 9th over - 0 runs, 0 hits, 0 errors, 1 left on base; St. Paul 2 - Gary SouthShore 4
Saturday, April 13th , 2024 - OOTP Baseball 24.11 Build 85